AoeStats
← WILL.I.AM

Arabia

509503448Analyzed
1v1 RM · 6d ago on Sep 27, 2026· 24m 11s· 2 players
Game mode
Random Map
Map size
Tiny (2 player)
Population
200
Speed
Normal
Resources
Standard
Victory
Conquest
Starting age
Dark Age
Ending age
Imperial Age
RankedLock teamsTeams togetherTeam positionsShared explorationLock speedFull tech treeHidden civsTurbo modeCheats
Victory
Defeat
🇳🇿 Celts · New Zealand
1237
+16
🇵🇪 Burmese · Peru
1236
-16
Pikachu
6:16 Loom
9:34 Feudal Age
15:07 Scale Barding Armor
15:12 Forging
15:34 Horse Collar
19:36 Wheelbarrow
23:33 Castle Age
22:16 Forging
22:19 Gold Mining
24:57 Iron Casting
24:47 Chain Barding Armor
24:42 Bloodlines
24:32 Husbandry
WILL.I.AM
6:55 Loom
9:11 Feudal Age
10:14 Double-Bit Axe
16:21 Gold Mining
16:49 Horse Collar
21:26 Castle Age
20:44 Wheelbarrow
21:11 Fletching
21:25 Padded Archer Armor
23:47 Bodkin Arrow
Connection lost

Rejoining the realm…

Still unreachable

The connection could not be restored.

Session expired

The server has moved on; the page needs a fresh start.